[Event "*** Titled Tuesday Blitz"]
[Site "Chess.com"]
[Date "2020.10.27"]
[Round "3"]
[White "emiliochess"]
[Black "Fischerev7"]
[Result "1-0"]
[WhiteElo "2248"]
[BlackElo "2411"]
[TimeControl "180+1"]
[EndTime "10:29:57 PDT"]
[Termination "emiliochess won by resignation"]

1. d4 Nf6 2. Bf4 e6 3. e3 d5 4.
Bd3 Bd6 5. Bg3 O-O 6. Nf3 c5 7. c3 Nc6 8. Nbd2 b6 9. Ne5 Bb7 10. f4 Qe7 11. Qf3 Nd7 12. Nxd7 Qxd7 13. O-O Rae8 14.
Rae1 Ne7 15. Bh4 Nf5 16. Bf2 Be7 17. g4 Nd6 18. h4 f5 19. Kh1 Ne4 20. Re2 cxd4 21.
exd4 Qd8 22. h5 Bd6 23. Rg1 Kh8 24. Be1 Rf7 25. Reg2 Qc7 26. g5 Rff8 27. Rf1 a6 28. Qe3 b5 29. Nf3 Bxf4 30. Qe2 Bd6 31. a3 Bc6 32. Nh4 Bg3 33. Ng6+ Kg8 34. Nxf8 Rxf8 35. Bxe4 Bxe1 36. Bd3 Bg3 37. Qxe6+ Kh8 38. Rxf5 Re8 39. h6 Qd7 40. Qxd7 Bxd7 41. Rxg3 Bxf5 42. Bxf5 Re1+ 43. Kh2 Re2+ 44. Rg2 Re1 45. hxg7+ Kxg7 46. g6 hxg6 47. Bxg6 Kf6 48. Bh5 Re3 49. Bg4 a5 50. Bd7 b4 51.
axb4 axb4 52. cxb4 Rb3 53. Bc6 Rxb4 54. Bxd5 Rxd4 55.
Bg8 Ke5 56. b3 Kd6 57. Bc4 Kc5 58. Kg3 Rd6 59. Kf3 Kb4 60. Ke3 Rd7 61. Rg4 Rd6 62.
Re4 Rd8 63. Re6 Kc5 64. Re5+ Kc6 65. Re4 Kc5 66. Re5+ Kc6 67. Re7 Kb6 68. Ke2 Kc5 69.
Re3 Kb4 70. Rd3 Kc5 71. Kd2 Rb8 72. Kc3 Rf8 73. Rd5+ Kb6 74. b4 Kc6 75. Rd3 Rf4 76.
Kb3 Kb6 77. Rd6+ Kc7 78. Re6 Kd7 79. b5 Rxc4 80. Kxc4 Kxe6 81. Kc5 Kd7 82. Kb6 Kc8 83. Ka7 Kc7 84. b6+ Kd7 85. b7 1-0

[Event "*** Titled Tuesday Blitz"]
[Site "Chess.com"]
[Date "2020.10.27"]
[Round "3"]
[White "TokChess"]
[Black "Sammed_Shete"]
[Result "1-0"]
[WhiteElo "2433"]
[BlackElo "2634"]
[TimeControl "180+1"]
[EndTime "10:29:59 PDT"]
[Termination "TokChess won on time"]

1. Nf3 Nf6 2. c4 e6 3. e3 d5 4. b3 a5 5. a3 a4 6. b4 c5 7. bxc5 Bxc5 8. d4 Be7 9. Nbd2 O-O 10. Be2 Nc6 11. O-O Bd6 12. Bb2 Ne4 13. Nxe4 dxe4 14. Ne5 Nxe5 15. dxe5 Bc5 16. Qc2 Qd7 17. Qxe4 Qd2 18.
Bd4 Be7 19. Bd3 g6 20. Rfd1 Qa5 21. Rdb1 Qc7 22. Bb6 Qd7 23. c5 Qe8 24. Rd1 Bd7 25. Be2 Bc6 26. Qf4 Qc8 27. Rac1 Re8 28. h4 Bf8 29. h5 Bg7 30. h6 Bh8 31. Rd6 Ra6 32.
Rcd1 Ra8 33. Qd4 Qb8 34. f4 f6 35. exf6 Kf7 36. Rd7+ Bxd7 37. Qxd7+ Kxf6 38. Bc7 Re7 39. Qd4+ Kf7 40. Bxb8 Bxd4 41. Rxd4 Rxb8 42. Rxa4 Rc8 43.
Ra5 Rec7 44. Rb5 Rd8 45. Kf2 Rd2 46. Kf3 Rc2 47. Bd3 R2xc5 48. Rb4 Rc3 49. Be4 Rxa3 50. Rxb7 Rxb7 51. Bxb7 Kf6 52. g4 g5 53. Be4 Ra7 54. Kg3 Ra3 55. Kf3 gxf4 56. Kxf4 e5+ 57. Kf3 Kg5 58. Bxh7 Kxh6 59. Bf5 Kg5 60. Ke4 Ra5 61. Be6 Kf6 62. Bf5 Ra4+ 63. Kf3 Kg5 64. Be4 Rb4 65. Bf5 Kh4 66. Be4 Kg5 67. Bf5 Kf6 68. Be4 Ke6 69.
Bf5+ Kd5 70. Bg6 Rb8 71. Bf5 Rf8 72. Kg3 Rf7 73. e4+ Kd4 74. g5 Ke3 75. g6 Ra7 76.
Kg4 1-0

[Event "*** Titled Tuesday Blitz"]
[Site "Chess.com"]
[Date "2020.10.27"]
[Round "3"]
[White "Kurai"]
[Black "mapleaff"]
[Result "0-1"]
[WhiteElo "2570"]
[BlackElo "2392"]
[TimeControl "180+1"]
[EndTime "10:30:04 PDT"]
[Termination "mapleaff won by resignation"]

1. d4 Nf6 2. c4 e6 3. Nc3 Bb4 4.
e3 O-O 5. Bd3 d5 6. Nf3 c5 7. O-O cxd4 8. exd4 dxc4 9. Bxc4 b6 10. Qb3 Bxc3 11. bxc3 Bb7 12. Ba3 Re8 13. Bb5 Bc6 14. Be2 Nbd7 15. Rfe1 h6 16. c4 Qc8 17.
Bb2 Qb7 18. Rad1 Rad8 19. a4 Qc7 20. h3 Nf8 21. Ne5 Bb7 22. Bd3 N8d7 23. Bb1 Nxe5 24. Rxe5 Qc6 25. d5 exd5 26. cxd5 Qd6 27. Rxe8+ Rxe8 28.
Ba3 Bxd5 29. Qd3 Qc6 30. Qg3 Be4 31. Ba2 Qxa4 32. Rd6 Nh5 33. Qc3 Nf4 34. Bb3 Ne2+ 35. Kh2 Nxc3 36. Bxa4 Nxa4 37. Rd4 Bc6 38. Rc4 Bb5 39.
Rc7 a6 40. Bc1 Re2 41. Be3 Nc5 42. Rc8+ Kh7 43. Rb8 Nd7 44. Rb7 a5 45. Ra7 a4 46.
Kg3 Ra2 47. Kf3 Kg6 48. Ke4 Bc6+ 49. Kd4 Bxg2 50. Rxd7 Bxh3 51. Rd6+ Be6 52. Rxb6 a3 53. Ra6 Ra1 54. Ke5 a2 55. f4 Rf1 56. f5+ Rxf5+ 57. Ke4 Rf1 58. Bd4 Kg5 59. Ke3 Kg6 60. Ke2 Rb1 61. Kd2 Rb8 62. Ke3 Rc8 63. Ra7 Rc4 64.
Kd3 Rc1 65. Ra6 Rb1 66. Kc2 Kf5 67. Kd3 Kf4 68. Be3+ Kf3 69. Bd4 g5 70. Bg7 g4 71.
Ra3 g3 72. Kd4+ Kg4 73. Be5 g2 74. Rg3+ Kh4 75. Ra3 a1=Q+ 76. Rxa1 Rxa1 77. Ke3 g1=Q+ 78. Kf3 Rf1+ 79. Ke4 Qg4+ 80. Kd3 Rd1+ 81. Kc2 Qe2+ 0-1

[Event "*** Titled Tuesday Blitz"]
[Site "Chess.com"]
[Date "2020.10.27"]
[Round "3"]
[White "ChelsieMonica"]
[Black "teacher4chess"]
[Result "1-0"]
[WhiteElo "2346"]
[BlackElo "2062"]
[TimeControl "180+1"]
[EndTime "10:30:05 PDT"]
[Termination "ChelsieMonica won by resignation"]

1. c4 e6 2. Nc3 d5 3. cxd5 exd5 4. Nf3 Nf6 5. d4 Be7 6. e3 Bg4 7. Be2 O-O 8. O-O Ne4 9. Nxe4 dxe4 10. Ne5 Bxe2 11.
Qxe2 c5 12. Rd1 Qc7 13. b3 Nc6 14. Nxc6 Qxc6 15. d5 Qd6 16. Bb2 f5 17. Rac1 Bf6 18. Ba3 b6 19. Qc4 Rfd8 20. b4 cxb4 21. Bxb4 Qd7 22.
d6+ Qf7 23. d7 Qxc4 24. Rxc4 Kf7 25. Rc6 a5 26. Ba3 Ra7 27. Rxb6 Raxd7 28. Rf1 Rd2 29. Rb7+ Kg6 30. Bc5 Rxa2 31. Bb6 Rd6 32. Bc5 Rc6 33. Bf8 a4 34. Ra7 Rcc2 35. h3 Bb2 36. g4 fxg4 37. hxg4 a3 38. Kg2 Rc1 39. Rxc1 Bxc1 40. Rxg7+ Kf6 41. Kg3 Re2 42. Rxh7 a2 43. Ra7 Bb2 44. Bg7+ Kg6 45. Bxb2 Rxb2 46. Ra5 Kf6 47. f3 exf3 48. Kxf3 Kg6 49. Ke4 Rb5 50. Rxa2 Rb4+ 51. Kf3 Kg5 52. Ra5+ Kg6 53. Rf5 Rb1 54. Ra5 Rf1+ 55. Ke4 Rg1 56.
Kf4 Rf1+ 57. Kg3 Re1 58. Kf2 Rb1 59. g5 Rb2+ 60. Kf3 Rb1 61. e4 Rf1+ 62. Ke2 Rg1 63. Ke3 Rxg5 64. Rxg5+ Kxg5 65. Kd4 Kf6 66. Kd5 Ke7 67.
Ke5 Kd7 68. Kf6 Kd6 69. e5+ Kd5 70. e6 Kd6 71. e7 Kd5 72. Kf7 Ke4 73. e8=Q+ Kd4 74. Kf6 Kd3 75. Kf5 Kd4 76. Kf4 Kc5 77.
Qd7 Kc4 78. Ke4 Kc3 79. Ke3 Kc2 80. Ke2 Kc3 81. Qd5 Kb4 82. Qc6 Kb3 83. Kd3 Kb4 84. Qb6+ Ka3 85. Kc2 Ka4 86. Kc3 1-0

[Event "*** Titled Tuesday Blitz"]
[Site "Chess.com"]
[Date "2020.10.27"]
[Round "3"]
[White "AldokhinIvan"]
[Black "GMKrikor"]
[Result "0-1"]
[WhiteElo "2582"]
[BlackElo "2788"]
[TimeControl "180+1"]
[EndTime "10:30:08 PDT"]
[Termination "GMKrikor won by resignation"]

1. e4 c5 2. Nf3 d6 3. d4 cxd4 4. Nxd4 Nf6 5. Nc3 a6 6. Bc4 e6 7. Bb3 Nbd7 8. O-O Nc5 9. Qf3 Be7 10. Qg3 O-O 11. Bh6 Ne8 12. Rad1 Kh8 13. Be3 Qc7 14.
f4 b5 15. e5 Bb7 16. a3 Nxb3 17.
cxb3 Rd8 18. Rc1 Qb8 19. Nf3 dxe5 20. fxe5 Rd3 21. Ng5 Bxg5 22. Qxg5 f6 23. Qf4 Qa8 24.
Rf2 f5 25. Bc5 Rf7 26. Rd1 Rfd7 27. Rxd3 Rxd3 28. Rd2 Qd8 29. Rxd3 Qxd3 30. Qf2 h6 31. Bb4 Kh7 32. h3 Qd7 33. Qc5 Nc7 34. Qd6 Qc6 35.
Qxc6 Bxc6 36. Bd6 Ne8 37. Ne2 Kg6 38. Nd4 Bd7 39. Bc5 Kf7 40. Kf2 g5 41. Bb6 f4 42.
b4 Bc8 43. Nb3 Ng7 44. Nc5 Nf5 45. Ne4 Bb7 46. Nf6 Bc6 47. Ng4 Kg6 48. Nf6 h5 49. Bc5 Ng7 50. Ng8 Nf5 51. Ne7+ Nxe7 52. Bxe7 Kf5 53. Bf6 g4 54. hxg4+ hxg4 55. Bg7 g3+ 56.
Kf1 Ke4 57. Kg1 Bd5 58. Bf6 Bc4 59. Bg7 Kf5 60. Bh8 Bd5 61. Bf6 Kg4 62. Bh8 Bxg2 63. Kxg2 f3+ 64. Kf1 Kh3 65. Bf6 Kh2 66. Bh4 g2+ 67.
Kf2 g1=Q+ 68. Kxf3 Qg2+ 69. Kf4 Qxb2 70. Kg5 Qb3 71.
Kf6 Qd5 72. Bg5 Kg2 73. Bh6 Kf3 74. Bg7 Ke4 75. Kf7 Kd3 76. Bf6 Kc4 77. Ke7 Kb3 78. Kf7 Kxa3 79. Ke7 Kb3 80. Kf7 Kxb4 81. Ke7 Kc4 82. Kf7 b4 0-1

[Event "*** Titled Tuesday Blitz"]
[Site "Chess.com"]
[Date "2020.10.27"]
[Round "3"]
[White "AntonovaNadezhda"]
[Black "Unknown_IM"]
[Result "1-0"]
[WhiteElo "2126"]
[BlackElo "2340"]
[TimeControl "180+1"]
[EndTime "10:30:09 PDT"]
[Termination "AntonovaNadezhda won by checkmate"]

1. d4 d5 2. Nf3 c6 3. e3 Nf6 4.
Nbd2 Bg4 5. h3 Bh5 6. g4 Bg6 7. Ne5 Nbd7 8. h4 h6 9. Nxg6 fxg6 10. Bd3 Kf7 11. h5 g5 12. Bg6+ Kg8 13. Nf3 e6 14. Rg1 Bd6 15. Bd2 e5 16. dxe5 Nxe5 17. Nxe5 Bxe5 18.
c3 Qd6 19. Qb3 b5 20. O-O-O a5 21. a3 a4 22. Qb4 Qxb4 23. cxb4 Rc8 24. Kb1 d4 25. exd4 Bxd4 26. Bxg5 Bxf2 27. Bxf6 gxf6 28. Rgf1 Bh4 29. Rd6 c5 30. bxc5 Rxc5 31. Rfd1 Rc7 32. Rb6 Kg7 33. Rxb5 Rhc8 34. Rbd5 Re7 35. Bf5 Rcc7 36.
Ra5 Rb7 37. Rxa4 Bg3 38. Rb4 Be5 39. Rxb7 Rxb7 40. Rd7+ Rxd7 41. Bxd7 Kf7 42. b4 Ke7 43. Bf5 Kd6 44. Kc2 Bf4 45. Kb3 Be3 46. Kc4 Bc1 47. a4 Be3 48. a5 Bd2 49. Be4 Be3 50. a6 Ba7 51. Kd3 Ke5 52. Bf5 Kd6 53. Kc4 Bg1 54.
Kb5 Ba7 55. Kc4 Ke5 56. Bc8 Kd6 57. Kd3 Kc7 58. Bb7 Kd6 59. Ke4 Ke6 60. Bc8+ Ke7 61. Kf5 Be3 62. Bb7 Kf7 63. Ke4 Ba7 64. Kd5 f5 65.
Kc6 Kf6 66. gxf5 Kxf5 67. Bc8+ Kg5 68. Kb7 Be3 69. a7 Bxa7 70. Kxa7 Kxh5 71. Kb7 Kg5 72. Kc7 h5 73. b5 h4 74. b6 h3 75. Bxh3 Kh4 76. Bd7 Kg3 77. b7 Kf4 78. b8=Q Ke3 79. Qb4 Kd3 80. Qc5 Kd2 81. Qc4 Ke3 82. Qd5 Kf2 83.
Qe4 Kg1 84. Qf3 Kh2 85. Qg4 Kh1 86. Bc6+ Kh2 87. Qg2# 1-0

[Event "*** Titled Tuesday Blitz"]
[Site "Chess.com"]
[Date "2020.10.27"]
[Round "3"]
[White "KacperPolOK"]
[Black "TengisChess"]
[Result "0-1"]
[WhiteElo "2400"]
[BlackElo "2611"]
[TimeControl "180+1"]
[EndTime "10:30:14 PDT"]
[Termination "TengisChess won by checkmate"]

1. e4 c5 2. Nc3 Nc6 3. Bb5 g6 4.
Bxc6 dxc6 5. d3 Bg7 6. Be3 b6 7. Qd2 e5 8. a4 a5 9. Nge2 h6 10. f4 Nf6 11. h3 Nd7 12. O-O Bb7 13. f5 g5 14. Ng3 Bf6 15. Nh5 Qc7 16. Ne2 O-O-O 17.
Qc3 Kb8 18. Qc4 Rdf8 19. c3 Be7 20. f6 Bd6 21. Neg3 Ka7 22. Rad1 Ba6 23. Qb3 Qd8 24. Rf2 Bc7 25. Qc2 Bb7 26. b4 axb4 27. cxb4 cxb4 28.
a5 c5 29. axb6+ Bxb6 30. Nf5 Qc7 31. Ra1+ Kb8 32. Ne7 Qd6 33. Qb3 Kc7 34. Rc1 Kb8 35. Rfc2 Nxf6 36. Nf5 Qe6 37. Qxe6 fxe6 38. Nxf6 Rxf6 39.
Nd6 Rd8 40. Nxb7 Kxb7 41. Bxc5 Rc8 42. Kh2 b3 43. Rb2 Rxc5 44. Rxc5 Bxc5 45. Rxb3+ Kc6 46. Rb8 Bd6 47. Rg8 Kc5 48. Kg3 Be7 49. Rg7 Bf8 50.
Rd7 Kb4 51. Kg4 Kc3 52. Kh5 Kd2 53. d4 exd4 54. Rxd4+ Ke3 55. Ra4 Kf4 56. g4 Rf7 57. Ra6 Kxe4 58. Ra4+ Ke5 59. Ra5+ Kd6 60. Ra6+ Ke7 61.
Ra2 Kf6 62. Rf2+ Kg7 63. Re2 Re7 64. h4 gxh4 65. Kxh4 e5 66. g5 hxg5+ 67. Kxg5 Kf7 68. Kf5 Bg7 69. Ke4 Ke6 70. Ra2 Rd7 71. Ra6+ Rd6 72. Ra7 Rd4+ 73. Ke3 Bf6 74. Ra6+ Kf5 75. Ra1 Bg5+ 76.
Ke2 Bf4 77. Ra8 Rd2+ 78. Kf1 Rb2 79. Ra4 e4 80. Ra5+ Kg4 81. Ra8 e3 82. Ke1 Bg3+ 83. Kf1 e2+ 84. Kg2 e1=Q# 0-1

[Event "*** Titled Tuesday Blitz"]
[Site "Chess.com"]
[Date "2020.10.27"]
[Round "3"]
[White "GoltsevDmitry2000"]
[Black "Oleksandr_Bortnyk"]
[Result "1/2-1/2"]
[WhiteElo "2699"]
[BlackElo "2904"]
[TimeControl "180+1"]
[EndTime "10:30:19 PDT"]
[Termination "Game drawn by repetition"]

1. e4 Nf6 2. e5 Nd5 3. d4 d6 4. c4 Nb6 5. exd6 exd6 6. Nc3 Be7 7. Bd3 Nc6 8. Be3 Bf6 9. Nge2 O-O 10. O-O Re8 11.
c5 dxc5 12. dxc5 Nd7 13. Qc2 h6 14. a3 Nde5 15. Be4 Be6 16. Rad1 Qc8 17. Nd5 Bxd5 18. Bxd5 Ne7 19. Be4 c6 20. h3 Qe6 21. Ng3 Qc4 22. Nh5 Bg5 23. f4 Qxc2 24. Bxc2 Nc4 25. Bd4 Bh4 26.
Nxg7 Red8 27. Nh5 Nd5 28. g3 Nde3 29. gxh4 Nxc2 30. Bf6 Rxd1 31. Rxd1 N2e3 32. Rd7 Nd5 33. Bd4 b6 34. cxb6 axb6 35. Nf6+ Nxf6 36. Bxf6 Re8 37. b3 Nxa3 38. Rc7 c5 39. Kg2 Nb5 40. Rb7 Re2+ 41. Kf3 Re6 42. Bb2 f5 43. Rb8+ Kf7 44. Rb7+ Kf8 45. h5 Ke8 46. Be5 Nd4+ 47. Kf2 Nxb3 48.
Bc7 Na5 49. Rxb6 Rxb6 50. Bxb6 Nb3 51. Ke3 Kd7 52. Kd3 Kc6 53. Ba7 Nd4 54. Kc4 Ne6 55.
Bb8 Nd4 56. Ba7 Ne2 57. Bxc5 Nxf4 58. Bf8 Nxh5 59. Bxh6 Kd6 60. Kd4 Ke6 61. h4 Kf6 62. Bg5+ Kg6 63. Ke3 Ng3 64. Kf3 Nh5 65. Ke3 Kf7 66. Kf3 Ke6 67. Ke3 Kd5 68. Kf3 Ke5 69. Bc1 Kd4 70. Bb2+ Kd3 71. Bc1 Kc2 72. Bg5 Kc3 73.
Bd8 Kc4 74. Bf6 Kd5 75. Bg5 Ke5 76. Bc1 Ke6 77. Bb2 Kf7 78. Bc1 Kg6 79. Bg5 Ng7 80. Bc1 Ne6 81. Kg3 Kh5 82. Bd2 Kg6 83. Bc1 Nd4 84.
Bg5 Ne6 85. Bc1 1/2-1/2

[Event "*** Titled Tuesday Blitz"]
[Site "Chess.com"]
[Date "2020.10.27"]
[Round "3"]
[White "Tenamu"]
[Black "MomchilPetkov"]
[Result "0-1"]
[WhiteElo "2404"]
[BlackElo "2631"]
[TimeControl "180+1"]
[EndTime "10:30:33 PDT"]
[Termination "MomchilPetkov won by resignation"]

1. d4 g6 2. Nc3 Bg7 3. e4 c6 4. f4 d5 5. e5 h5 6. Nf3 Nh6 7. Bd3 Bg4 8. O-O Nf5 9. Be2 Bxf3 10. Rxf3 Qb6 11. Rd3 e6 12. Na4 Qa5 13. c3 Nd7 14. b4 Qc7 15. Nb2 a5 16. a3 Bf8 17. Rb1 Be7 18. Be3 b5 19. Bf2 Nb6 20. h3 h4 21.
Bg4 Nc4 22. Nxc4 bxc4 23. Rd2 axb4 24. axb4 Ra3 25. Qc1 Qa7 26. Rdb2 O-O 27. Bxf5 exf5 28. b5 Qb6 29. bxc6 Qxc6 30. Rb7 Qe8 31. Qb2 Ra6 32. Qb5 Qxb5 33. R1xb5 Ra1+ 34. Kh2 Ba3 35. Rxd5 Bc1 36. g3 hxg3+ 37. Kxg3 Ra3 38. Be1 Ra2 39. e6 Re2 40. exf7+ Rxf7 41. Rd8+ Kg7 42. Rxf7+ Kxf7 43. Bf2 Rc2 44. d5 Rxc3+ 45. Kg2 Bxf4 46. Bc5 Rd3 47. Rd7+ Ke8 48. Re7+ Kd8 49. Re6 c3 50. Bb6+ Kd7 51.
Rc6 Bd2 52. Rc5 Kd6 53. Rc8 Kxd5 54. h4 Ke4 55. Kf2 Kf4 56. Rc4+ Ke5 57. Ke2 Rh3 58. Bf2 Rh2 59. Kf3 Ke6 60. Rc6+ Kd5 61. Rc5+ Kd6 62. Rc4 Rh1 63. Ke2 Rb1 64. Kd3 Rb2 65. Bg3+ Kd5 66.
Rd4+ Ke6 67. Rd6+ Kf7 68. Rc6 Ra2 69. Be5 Ra3 70. Rf6+ Ke7 71. Rxg6 Be1 72. h5 Ra5 73. Bf6+ Kf7 74. Bd4 Rd5 75. Rg7+ Kf8 76. h6 c2 77. Rc7 Bf2 78. Kxc2 Bxd4 79. Kb3 Rd6 80. h7 Rh6 81. Kc4 Bg7 82. Kd5 Rxh7 83. Kd6 Rh6+ 84. Kd5 Rf6 85. Rc8+ Kf7 86. Rc7+ Kg6 87. Rc2 Bh6 88.
Rg2+ Bg5 89. Ke5 Rf8 90. Kd5 Re8 91. Rf2 f4 92. Rf1 Kf5 93. Kd4 Bh4 94. Kd3 Bg3 0-1

[Event "*** Titled Tuesday Blitz"]
[Site "Chess.com"]
[Date "2020.10.27"]
[Round "3"]
[White "Brave_spirit12"]
[Black "vinniethepooh"]
[Result "1/2-1/2"]
[WhiteElo "2479"]
[BlackElo "2567"]
[TimeControl "180+1"]
[EndTime "10:30:37 PDT"]
[Termination "Game drawn by stalemate"]

1. e4 c5 2. c3 d5 3. exd5 Qxd5 4. Nf3 Nf6 5. d4 e6 6. Be2 Nc6 7. Be3 cxd4 8. Nxd4 Nxd4 9. Bxd4 e5 10. Be3 Qxd1+ 11.
Bxd1 Bd7 12. Nd2 Bc6 13. Bf3 Nd5 14. O-O-O Nxe3 15. Bxc6+ bxc6 16. fxe3 Be7 17. Nc4 f6 18. Nd6+ Kf8 19. Nf5 g6 20. Ng3 Kf7 21. Rd7 Ke6 22. Rhd1 a5 23. a4 f5 24. Kc2 Rhd8 25. Rb7 Rxd1 26. Kxd1 h5 27. Nf1 h4 28. Ke2 g5 29.
h3 e4 30. Nd2 Bf6 31. Nc4 g4 32. Rc7 gxh3 33. gxh3 Rg8 34. Rxc6+ Ke7 35. Kf2 Rg3 36. Nd6 Rxh3 37. Nxf5+ Kf7 38. Nh6+ Kg7 39. Nf5+ Kf7 40. Nd6+ Ke7 41. Nxe4 Be5 42. b4 Rh2+ 43. Kf3 Ra2 44. bxa5 h3 45. Rh6 h2 46. a6 Rxa4 47. Ng3 Bxg3 48.
Kxg3 Rxa6 49. Rxh2 Ra3 50. Rc2 Ke6 51. Kf3 Kd5 52. e4+ Ke5 53. Ke3 Ra4 54. Kd3 Rxe4 55. c4 Rh4 56. Kc3 Kd6 57. Kb4 Rh1 58. Rg2 Rb1+ 59.
Kc3 Rc1+ 60. Kd3 Rd1+ 61. Kc2 Rf1 62. Kc3 Rc1+ 63. Kb3 Rb1+ 64. Kc2 Rf1 65. Rg5 Kc6 66. Kc3 Rf3+ 67. Kb4 Rf6 68. Ra5 Kb6 69. c5+ Kb7 70.
Kb5 Rf1 71. Ra4 Rb1+ 72. Kc4 Rc1+ 73. Kd5 Rd1+ 74. Rd4 Rxd4+ 75. Kxd4 Kc6 76. Kc4 Kc7 77. Kd5 Kd7 78. c6+ Kc7 79. Kc5 Kc8 80. Kc4 Kc7 81.
Kb5 Kc8 82. Kb6 Kb8 83. Kc5 Kc7 84. Kd5 Kc8 85. Kd6 Kd8 86. Ke6 Kc7 87. Kd5 Kc8 88. Kd6 Kd8 89. c7+ Kc8 90. Kc6 1/2-1/2

[Event "*** Titled Tuesday Blitz"]
[Site "Chess.com"]
[Date "2020.10.27"]
[Round "3"]
[White "swimmerchess"]
[Black "Flawless_Fighter"]
[Result "1/2-1/2"]
[WhiteElo "2805"]
[BlackElo "2610"]
[TimeControl "180+1"]
[EndTime "10:30:41 PDT"]
[Termination "Game drawn by 50-move rule"]

1. e4 c6 2. d4 d5 3. e5 Bf5 4. c4 e6 5. Nc3 Ne7 6. Nge2 dxc4 7. Ng3 Bd3 8. Bxd3 cxd3 9. Qxd3 Nd7 10. Qe2 Nb6 11. Be3 Ned5 12. O-O Be7 13. Rad1 O-O 14. Bc1 Nxc3 15. bxc3 Qd5 16. f4 g6 17. f5 exf5 18.
Bh6 Rfe8 19. Nxf5 gxf5 20. Rxf5 Qe6 21. Qg4+ Qg6 22. Qh3 Rad8 23. Rdf1 Kh8 24. Rxf7 c5 25. e6 cxd4 26. Bf4 Nc4 27. cxd4 Rxd4 28. Qc3 Bc5 29. Be5+ Nxe5 30. Qxc5 Nxf7 31. Qxd4+ Qg7 32. Qxg7+ Kxg7 33. Rxf7+ Kg6 34. Rxb7 Rxe6 35. Rxa7 Re2 36. a4 Ra2 37. a5 h5 38. a6 Kh6 39. Ra8 Kh7 40.
h4 Kg7 41. Kh2 Ra3 42. g3 Ra2+ 43. Kh3 Kh7 44. Ra7+ Kh6 45. Ra8 Kh7 46. Re8 Rxa6 47. Kg2 Ra3 48. Kf2 Kg6 49. Re5 Ra2+ 50. Kf3 Ra3+ 51.
Kf4 Ra4+ 52. Re4 Ra6 53. Rd4 Rb6 54. Ke5 Rb3 55. Rd6+ Kg7 56. Kf4 Ra3 57. Re6 Rb3 58. Re3 Rb4+ 59. Re4 Rb3 60. Re5 Kg6 61. Rg5+ Kh6 62.
Rd5 Kg6 63. Rd6+ Kg7 64. Re6 Ra3 65. Rb6 Kh7 66. Rb5 Kg6 67. Rb4 Kh6 68. Rb1 Kg6 69.
Re1 Ra4+ 70. Re4 Ra6 71. Re5 Ra4+ 72. Kf3 Kh6 73. Re3 Kg6 74. Rc3 Rb4 75. Rc6+ Kg7 76. Rc5 Kg6 77. Rg5+ Kh6 78. Re5 Ra4 79. Re4 Ra3+ 80.
Kf4 Ra6 81. Kf5 Ra3 82. Re6+ Kh7 83. Re7+ Kh6 84. Re6+ Kh7 85. Kf4 Kg7 86. Re5 Kg6 87.
Rg5+ Kh6 88. Kf5 Ra5+ 89. Kf6 Ra6+ 90. Ke5 Ra5+ 91. Kf4 Ra4+ 92. Kf3 Ra3+ 93. Kg2 Ra2+ 94. Kh3 Rb2 95. Re5 Rc2 96. Re6+ Kg7 1/2-1/2

[Event "*** Titled Tuesday Blitz"]
[Site "Chess.com"]
[Date "2020.10.27"]
[Round "3"]
[White "Shuvalov"]
[Black "wannabe2700"]
[Result "1/2-1/2"]
[WhiteElo "2527"]
[BlackElo "2741"]
[TimeControl "180+1"]
[EndTime "10:31:05 PDT"]
[Termination "Game drawn by 50-move rule"]

1. Nf3 Nf6 2. c4 g6 3. Nc3 Bg7 4. e4 d6 5. d4 O-O 6. Be2 e5 7. O-O exd4 8. Nxd4 Re8 9. f3 Nc6 10. Nc2 Nh5 11. g4 Bxc3 12. bxc3 Ng7 13. Kh1 Qh4 14. Bf4 f5 15. Bg3 Qf6 16. gxf5 gxf5 17. Nd4 fxe4 18.
fxe4 Qg6 19. Nb5 Bh3 20. Rg1 Rf8 21. Nxc7 Qxe4+ 22. Bf3 Rxf3 23. Qd5+ Qxd5 24. cxd5 Rc8 25. Bxd6 Nd8 26. Be5 Rf7 27. Ne8 Bf5 28. Nd6 Bg6 29. h4 Rc5 30. h5 Rxd5 31. Nxf7 Nxf7 32. hxg6 Nxe5 33. gxh7+ Kxh7 34. Raf1 Ng6 35. Rf6 Rh5+ 36. Kg2 Nf5 37. Rh1 Ne3+ 38. Kg1 Rxh1+ 39. Kxh1 Nd5 40. Rf7+ Kh6 41. Rxb7 a5 42. c4 Nb4 43. c5 Ne5 44. a3 Nbc6 45. Rb6 Kg5 46. Kg2 Kf5 47. Rb2 Ke4 48. Rd2 Nd3 49. Rb2 Nxc5 50. Rc2 Kd5 51.
Rc1 Nd4 52. Rd1 a4 53. Kh2 Ne4 54. Rb1 Nc3 55. Rb4 Ndb5 56. Rxa4 Nxa4 57. Kg3 Kd4 58.
Kf3 Ke5 59. Ke3 Nbc3 60. Kd3 Kd5 61. Kc2 Kc4 62. Kd2 Kd4 63. Kc2 Ne4 64. Kb3 Nec5+ 65. Kc2 Ke3 66. Kd1 Ne4 67. Ke1 Nf2 68. Kf1 Ng4 69.
Kg2 Kf4 70. Kh3 Ne3 71. Kh4 Nf5+ 72. Kh5 Ke5 73. Kg5 Nd4 74. Kg4 Ne6 75. Kg3 Ke4 76. Kg4 Ke5 77. Kg3 Nec5 78. Kg4 Ne4 79. Kf3 Nf6 80.
Ke3 Kd5 81. Kf4 Ne4 82. Kf5 Kd4 83. Kf4 Nd6 84. Kg5 Ke5 85. Kg4 Ke4 86. Kg5 Kf3 87.
Kf6 Kf4 88. Ke6 Nc4 89. Kd5 Ncb6+ 90. Kc6 Ke5 91. Kb5 Kd5 92. Kb4 Kc6 93. Kb3 Kc5 94.
Kc2 Kd4 95. Kd2 Nd5 96. Ke2 Ndc3+ 97. Kf3 Ne4 98. Kf4 Nec5 99. Kf5 Kd5 100. Kg5 Ke5 101. Kg4 Ne4 102. Kf3 Nf6 103. Ke3 Nd5+ 104. Kf3 Kf5 105. Kg3 Ke4 106. Kg4 Ne7 1/2-1/2

[Event "*** Titled Tuesday Blitz"]
[Site "Chess.com"]
[Date "2020.10.27"]
[Round "3"]
[White "MVM2008"]
[Black "chesstrainer2042"]
[Result "1-0"]
[WhiteElo "2228"]
[BlackElo "2413"]
[TimeControl "180+1"]
[EndTime "10:31:11 PDT"]
[Termination "MVM2008 won on time"]

1. e4 e5 2. f4 exf4 3. Nf3 g5 4. d4 d6 5. h4 g4 6. Bxf4 gxf3 7. Qxf3 Nc6 8. Bc4 Qf6 9. Nc3 Nxd4 10. Qf2 Be6 11.
O-O-O Bxc4 12. Rxd4 Be6 13. Kb1 Bh6 14. g3 O-O-O 15.
e5 dxe5 16. Rxd8+ Kxd8 17. Rd1+ Ke8 18. Qxa7 Ne7 19. Ne4 Qg6 20. Bxe5 Qxe4 21. Bxh8 Nd5 22. Qa8+ Kd7 23. Qxb7 Ke7 24. Qb3 Be3 25. Qa3+ Ke8 26. Qa8+ Ke7 27. Qa3+ Kd7 28. Bc3 Qc4 29. Be5 Kc8 30. Qb3 Qxb3 31. axb3 h5 32. Bd4 Bh6 33.
Be5 c6 34. c4 Bf5+ 35. Ka2 Nb4+ 36. Ka3 Bf8 37. Ka4 Bd7 38. Ka5 c5 39. Bd6 Nc6+ 40. Kb6 Bg7 41. Bxc5 Bxb2 42. Rf1 f5 43. Bd6 Bf6 44.
Re1 Bd4+ 45. c5 Bc3 46. Ra1 Ba5+ 47. Kb5 Kb7 48. Kc4 Be6+ 49. Kd3 Bxb3 50. Rb1 Nb4+ 51. Kd4 Be6 52. Ke5 Bd7 53. Kf6 Kc6 54. Ke7 Nd5+ 55. Kf7 Bd2 56. Kg6 f4 57. gxf4 Bxf4 58. Bxf4 Nxf4+ 59. Kg5 Ne6+ 60. Kxh5 Nxc5 61. Kg6 Nd3 62. h5 Nf4+ 63.
Kg5 Nxh5 64. Kxh5 Kd5 65. Rc1 Ke5 66. Kg5 Be6 67. Re1+ Kd6 68. Kf4 Bc4 69. Rd1+ Ke6 70. Ke4 Bb3 71. Ra1 Bc2+ 72. Kd4 Bb3 73. Re1+ Kd6 74.
Re3 Bf7 75. Rf3 Be6 76. Rf6 Ke7 77. Ke5 Bc4 78. Rc6 Bb3 79. Rc7+ Kf8 80. Kf6 Ke8 81. Re7+ Kd8 82. Rg7 Bd5 83. Ke5 Bb3 84. Kd6 Ke8 85. Rg3 Bc4 86. Re3+ Kf8 87. Ke5 Ba2 88. Rc3 Ke7 89.
Rc7+ 1-0

[Event "*** Titled Tuesday Blitz"]
[Site "Chess.com"]
[Date "2020.10.27"]
[Round "4"]
[White "CakeinSpace2002"]
[Black "Lion-Al-Messi"]
[Result "0-1"]
[WhiteElo "2336"]
[BlackElo "2520"]
[TimeControl "180+1"]
[EndTime "10:33:37 PDT"]
[Termination "Lion-Al-Messi won by resignation"]

1. Nf3 b6 2. b3 Bb7 3. Bb2 Nf6 4. c4 e6 5. Nc3 d5 6. e3 Be7 7. Be2 c5 8. O-O d4 9. exd4 cxd4 10. Nb5 d3 11. Bxd3 Qxd3 12. Ne5 Qd8 13. d4 O-O 14. f4 Nbd7 15. Qe2 Re8 16. Rad1 Nf8 17. g4 Ng6 18. g5 Ne4 19. d5 exd5 20. cxd5 Bc5+ 21. Kg2 Bxd5 22. Rf3 0-1

[Event "*** Titled Tuesday Blitz"]
[Site "Chess.com"]
[Date "2020.10.27"]
[Round "4"]
[White "CzechmVIII"]
[Black "LastHeroJr"]
[Result "0-1"]
[WhiteElo "2155"]
[BlackElo "2382"]
[TimeControl "180+1"]
[EndTime "10:33:47 PDT"]
[Termination "LastHeroJr won by resignation"]

1. e4 Nc6 2. Nf3 d6 3. d4 Nf6 4. Nc3 g6 5. d5 Nb8 6. Be2 Bg7 7. h3 O-O 8. Be3 c6 9. g4 a6 10. Qd2 b5 11. a4 b4 12. Nd1 Nxe4 13. Qd3 Nc5 14.
Bxc5 dxc5 15. Ne3 Bxb2 0-1

[Event "*** Titled Tuesday Blitz"]
[Site "Chess.com"]
[Date "2020.10.27"]
[Round "4"]
[White "FontVella8"]
[Black "politeplayer"]
[Result "0-1"]
[WhiteElo "2478"]
[BlackElo "2219"]
[TimeControl "180+1"]
[EndTime "10:33:50 PDT"]
[Termination "politeplayer won by resignation"]

1. e4 e6 2. d4 d5 3. Nc3 dxe4 4. Nxe4 Nd7 5. Nf3 Ngf6 6. Bd3 c5 7. dxc5 Nxc5 8. Nxf6+ gxf6 9. Bb5+ Bd7 10. Qe2 Qa5+ 0-1

[Event "*** Titled Tuesday Blitz"]
[Site "Chess.com"]
[Date "2020.10.27"]
[Round "4"]
[White "TimurGareyev"]
[Black "natelleka"]
[Result "1-0"]
[WhiteElo "2614"]
[BlackElo "2202"]
[TimeControl "180+1"]
[EndTime "10:33:55 PDT"]
[Termination "TimurGareyev won by resignation"]

1. e4 e5 2. f4 Bc5 3. Nf3 d6 4. Nc3 Nc6 5. Bb5 a6 6. Bxc6+ bxc6 7.
fxe5 dxe5 8. d3 Nf6 9. Qe2 Qe7 10.
Be3 Bxe3 11. Qxe3 Qb4 12. O-O-O Rb8 13. Kd2 O-O 14. Nxe5 Rd8 15. Nxc6 Nxe4+ 16. Qxe4 Qxe4 17. Nxe4 1-0

[Event "*** Titled Tuesday Blitz"]
[Site "Chess.com"]
[Date "2020.10.27"]
[Round "4"]
[White "TST2014"]
[Black "krasavetc"]
[Result "1-0"]
[WhiteElo "2498"]
[BlackElo "2294"]
[TimeControl "180+1"]
[EndTime "10:34:01 PDT"]
[Termination "TST2014 won by resignation"]

1. d4 Nf6 2. c4 e6 3. Nf3 Be7 4. Nc3 O-O 5. e4 d5 6. e5 Ne4 7.
Bd3 Nxc3 8. bxc3 c5 9. h4 dxc4 10. Bxh7+ Kh8 11. Be4 cxd4 12. Ng5 g6 13. h5 1-0